 Dungeon Crawl Stone Soup version 0.21-a0-401-g0b6bec4 (webtiles) character file.

45 IceWhale the Grave Robber (level 3, -5/28 HPs)
             Began as a Ghoul Necromancer on Oct 25, 2017.
             Killed by divine providence
             ... invoked by an orc priest
              (12 damage)
             ... on level 2 of the Dungeon.
             The game lasted 00:18:26 (1222 turns).

IceWhale the Grave Robber (Ghoul Necromancer)       Turns: 1222, Time: 00:18:27

Health: -5/28      AC:  2    Str: 11    XL:     3   Next: 64%
Magic:  0/5        EV: 12    Int: 11    God:
Gold:   65         SH:  0    Dex:  9    Spells: 4/6 levels left

rFire    . . .     SeeInvis .   (no weapon)
rCold    + . .     Gourm    .   (no shield)
rNeg     + + +     Faith    .   a - +0 robe
rPois    ∞         Spirit   .   (no helmet)
rElec    .         Reflect  .   (no cloak)
rCorr    .         Harm     .   (no gloves)
MR       .....                  (no boots)
Stlth    ++........             (no amulet)
HPRegen  0.00/turn              (no ring)
MPRegen  0.09/turn              (no ring)

@: rotting
A: rotting body, claws 1, carnivore 3, cold resistance 1, negative energy
resistance 3, inhibited regeneration, torment resistance, unbreathing
a: no special abilities


You were on level 2 of the Dungeon.
You were not hungry.

You visited 1 branch of the dungeon, and saw 2 of its levels.

You collected 65 gold pieces.

Inventory:

Hand Weapons
 d - a +0 short sword
 f - a +0 short sword
 g - a +0 club
 j - a +3 short sword
Missiles
 i - 3 stones (quivered)
 l - 32 arrows
Armour
 a - a +0 robe (worn)
 n - a +0 leather armour
Scrolls
 e - a scroll of fog
 h - 2 scrolls of remove curse
 m - a scroll of identify
Books
 b - a book of Necromancy

   Spells                             Type                      Level
   a - Pain                           Necromancy                   1
   b - Animate Skeleton               Necromancy                   1
   c - Vampiric Draining              Necromancy                   3
   d - Regeneration                   Charms/Necromancy            3
   e - Animate Dead                   Necromancy                   4
   f - Control Undead                 Necromancy                   4
Comestibles
 c - a meat ration


   Skills:
 * Level 1.5 Fighting
 + Level 2.2 Dodging
 + Level 2.2 Stealth
 * Level 0.8 Unarmed Combat
 + Level 2.1 Spellcasting
 + Level 4.3 Necromancy


You had 4 spell levels left.
You knew the following spells:

 Your Spells              Type           Power        Failure   Level  Hunger
a - Pain                  Necr           ##..         4%          1    ##.....
b - Animate Skeleton      Necr           N/A          4%          1    ##.....


Dungeon Overview and Level Annotations

Branches:
Dungeon (2/15)

Altars:


Innate Abilities, Weirdness & Mutations

Your body is rotting away.
You thrive on raw meat.
You are immune to poison.
You have sharp fingernails.
You are carnivorous and can eat meat at any time.
Your flesh is cold resistant. (rC+)
You are immune to negative energy. (rN+++)
You do not regenerate when monsters are visible.
You are immune to unholy pain and torment.
You can survive without breathing.


Message History

The goblin barely misses you. The orc priest closely misses you.
Casting: Pain
Confirm with . or Enter, or press ? or * to list all spells.
Aiming: Pain
Press: ? - help, Shift-Dir - straight line, f/p - orc priest
Aim: an orc priest, wielding a whip (severely wounded, chance to defeat MR: 63%)
The orc priest resists with significant effort.
The goblin closely misses you. The orc priest hits you with a whip.
The goblin hits you.
* * * LOW HITPOINT WARNING * * *
The orc priest closely misses you. The goblin misses you.
Your magical contamination has completely faded away.
Eat a chunk of flesh? (ye/n/q)
You eat the chunk of flesh.
This raw flesh tastes great!
The goblin hits you but does no damage. The orc misses you.
The orc priest invokes the aid of Beogh against you.
Beogh smites you!
You die...

##
####..#########.#####
.###
#..#####..........
...#
##....)...........
##.###
#.#####..%.......
#...#
#.#...........##.
####.#
#.#......##.#### ..
#.### #.#.............
#.
#...###....g...##.####
#.##.........oo.@.# #
#....#.##.........#
##........#.#....##
...###..#.....#..#
...................
##...#.###.......###
##.###.###...###..
.........#)..# #...
.###.......#.###.#


You could see an orc priest, an orc and a goblin.

Vanquished Creatures
  An adder (D:2)
  A worm (D:2)
  A leopard gecko (D:1)
  An orc (D:2)
  2 giant cockroaches (D:1)
  2 goblins (D:1)
  3 hobgoblins (D:1)
  5 kobolds
  A quokka (D:2)
  2 bats (D:1)
  3 frilled lizards
  3 rats (D:1)
25 creatures vanquished.

Vanquished Creatures (collateral kills)
  A dart slug (D:2)
  2 giant cockroaches
  A hobgoblin (D:2)
4 creatures vanquished.

Grand Total: 29 creatures vanquished

Notes
Turn   | Place    | Note
-------+----------+-------------------------------------------
     0 | D:1      | IceWhale the Ghoul Necromancer began the quest for the Orb.
     0 | D:1      | Reached XP level 1. HP: 14/14 MP: 2/2
     4 | D:1      | Learned a level 1 spell: Animate Skeleton
   263 | D:1      | Reached XP level 2. HP: 18/22 MP: 1/3
   361 | D:1      | Reached skill level 1 in Fighting
   948 | D:2      | Reached XP level 3. HP: 16/28 MP: 0/5
  1222 | D:2      | Killed from afar by an orc priest

Vault maps used:
D:1:      ncdulo_watergridlock, minmay_misc_feat_diagonals
D:2:      cheibrodos_pilgrimage, first_bread, kennysheep_generic_room_16

Skill      XL: |  1  2  3 |
---------------+----------+-----
Fighting       | 1 |  1.5
Spellcasting   | 2 |  2.1
Dodging        | 2 |  2.2
Stealth        | |  2.2
Unarmed Combat | |  0.8
Necromancy     | |  4.3

Action                   || total
-------------------------++-------
Melee: Unarmed           ||    82
 Cast: Pain              ||    45
       Animate Skeleton  ||     4
  Use: Scroll            ||     4
  Eat: Chunk             ||    20
Armor: Robe              ||    20
Dodge: Dodged            ||    74

Table legend:
 A = Spawn XP
 B = Non-spawn XP
 C = Spawn XP percentage of total XP
 D = Spawn monster count
 E = Non-spawn monster count
 F = Spawn count percentage of total count
 G = Total turns spent on level
                    A         B        C        D         E        F      G
               +---------+---------+-------+---------+---------+-------+---------
         Total |       0 |      65 |   0.0 |       0 |      29 |   0.0 |  1222
               +---------+---------+-------+---------+---------+-------+---------
           D:1 |       0 |      30 |   0.0 |       0 |      19 |   0.0 |   906
           D:2 |       0 |      35 |   0.0 |       0 |      10 |   0.0 |   316
               +---------+---------+-------+---------+---------+-------+---------
